 Dungeon Crawl Stone Soup version 0.29.1-15-g9cfb28693d (webtiles) character file.

Game seed: 4913903572027130437

49 zeram the Caller (level 3, -1/26 HPs)
             Began as a Gnoll Summoner on Apr 24, 2023.
             Slain by an endoplasm (2 damage)
             ... on level 1 of the Dungeon.
             The game lasted 00:02:04 (1829 turns).

zeram the Caller (Gnoll Summoner)                   Turns: 1829, Time: 00:02:04

Health: -1/26      AC:  3    Str:  7    XL:     3   Next: 75%
Magic:  9/9        EV: 12    Int: 16    God:
Gold:   30         SH:  0    Dex: 12    Spells: 11/12 levels left

rFire   . . .      SeeInvis .   c - +0 sling
rCold   . . .      Faith    .   (no shield)
rNeg    . . .      Spirit   .   d - +0 leather armour
rPois   .          Reflect  .   (no helmet)
rElec   .          Harm     .   (no cloak)
rCorr   .          Rampage  .   (no gloves)
Will    .....                   (no boots)
Stlth   ++........              (no amulet)
HPRegen 0.08/turn               (no ring)
MPRegen 0.11/turn               (no ring)

@: hasted, very quick
A: fangs 1, strong nose, distributed training
a: no special abilities


You were on level 1 of the Dungeon.
You visited 1 branch of the dungeon, and saw 2 of its levels.

You collected 30 gold pieces.

Inventory:

Hand Weapons
 c - a +0 sling (weapon)
Missiles
 h - a throwing net
Armour
 a - a +0 robe
 d - a +0 leather armour (worn)
Scrolls
 e - 4 scrolls of identify {unknown}
 g - a scroll of brand weapon {unknown}
 i - a scroll of fear {unknown}
 j - a scroll of enchant weapon {unknown}
Potions
 b - a potion of magic


   Skills:
 + Level 1.0 Fighting
 + Level 1.0 Short Blades
 + Level 1.0 Long Blades
 + Level 1.0 Axes
 + Level 1.0 Maces & Flails
 + Level 1.0 Polearms
 + Level 1.0 Staves
 + Level 1.0 Ranged Weapons
 + Level 1.0 Throwing
 + Level 1.0 Armour
 + Level 4.6 Dodging
 + Level 4.2 Stealth
 + Level 1.0 Shields
 + Level 1.0 Unarmed Combat
 + Level 5.0 Spellcasting
 + Level 0.7 Conjurations
 + Level 0.7 Hexes
 + Level 7.1 Summonings
 + Level 0.7 Necromancy
 + Level 0.7 Translocations
 + Level 0.7 Transmutations
 + Level 0.7 Fire Magic
 + Level 0.7 Ice Magic
 + Level 0.7 Air Magic
 + Level 0.7 Earth Magic
 + Level 0.7 Poison Magic
 + Level 1.0 Invocations
 + Level 1.0 Evocations


You had 11 spell levels left.
You knew the following spells:

 Your Spells              Type           Power      Damage    Failure   Level
a - Summon Small Mammal   Summ           100%       N/A       1%          1

Your spell library contained the following spells:

 Spells                   Type           Power      Damage    Failure   Level
 Call Imp                 Summ           26%        N/A       1%          2
 Call Canine Familiar     Summ           26%        N/A       3%          3
 Summon Guardian Golem    Hex/Summ       16%        N/A       13%         3
 Shock                    Conj/Air       24%        1d4       17%         1
 Sting                    Tmut/Pois      24%        1d4       17%         1
 Poisonous Vapours        Pois/Air       12%        N/A       26%         2
 Summon Lightning Spire   Summ/Air       16%        N/A       41%         4
 Swiftness                Air            6%         N/A       45%         3
 Airstrike                Air            3%         2d(1-17)  86%         4
 Olgreb's Toxic Radiance  Pois           6%         N/A       86%         4


Dungeon Overview and Level Annotations

Branches:
Dungeon (2/15)

Altars:

Shops:
D:1 (


Innate Abilities, Weirdness & Mutations

You have very sharp teeth.
Your uncanny sense of smell can sniff out nearby items.
Your experience applies equally to all skills.


Message History

You are frozen.
You shoot a sling bullet.
The sling bullet closely misses the adder.
The adder closely misses you. The endoplasm closely misses you.
The adder bites you.
The endoplasm hits you but does no damage.
There are monsters nearby!
You shoot a sling bullet.
The sling bullet barely misses the adder.
The adder bites you but does no damage. The endoplasm freezes you.
You are frozen.
The adder bites you.
You shoot a sling bullet.
The sling bullet barely misses the adder.
The adder misses you. The endoplasm freezes you.
You are frozen.
The adder bites you but does no damage.
You are too injured to fight recklessly!
Unknown command.
You are too injured to fight recklessly!
The adder attacks as you move away! The adder bites you but does no damage.
The endoplasm attacks as you move away! The endoplasm barely misses you.
The endoplasm attacks as you move away! The endoplasm hits you.
The endoplasm attacks as you move away! The endoplasm hits you.
The endoplasm attacks as you move away! The endoplasm hits you.
The endoplasm attacks as you move away! The endoplasm hits you.
* * * LOW HITPOINT WARNING * * *
The endoplasm attacks as you move away!
The endoplasm hits you but does no damage.
There is a stone staircase leading up here.
The endoplasm jiggles.
The endoplasm freezes you.
You are frozen.
* * * LOW HITPOINT WARNING * * *
The adder barely misses you.
You climb upwards.
There is a stone staircase leading down here.
It was a potion of haste.
You feel yourself speed up. The adder closely misses you.
The endoplasm hits you.
You die...

. ##.....######.### ...
##.......## #..##
.....##†........####...####
......'.........'÷.........
....###.........####...####
# #........## #..##
#.######### ##.##
#.#J......###...##
#.+.@S>.>.+...#..###
###.......##..##...##
##########.##.....#
#.......#..#.......
+...<...'.##...∩.†.
#.......####.......
######### ##...).#
#.##.#######...##
#.##.............


You could see an adder and an endoplasm.

Vanquished Creatures
  A dart slug (D:1)
  3 endoplasms
  4 goblins (D:1)
  2 hobgoblins (D:1)
  9 jackals
  4 quokkas
  3 ball pythons (D:1)
  A bat (D:1)
  4 frilled lizards
  3 kobolds
  3 rats
37 creatures vanquished.

Vanquished Creatures (collateral kills)
  A worm (D:2)
  2 jackals (D:1)
3 creatures vanquished.

Grand Total: 40 creatures vanquished

Notes
Turn   | Place    | Note
-------+----------+-------------------------------------------
     0 | D:1      | zeram the Gnoll Summoner began the quest for the Orb.
     0 | D:1      | Reached XP level 1. HP: 13/13 MP: 6/6
    24 | D:1      | Found Bebikhliuph's Weapon Emporium.
   175 | D:1      | Reached XP level 2. HP: 16/19 MP: 7/7
   632 | D:1      | Found a faded altar of an unknown god.
   967 | D:1      | Reached skill level 5 in Spellcasting
   967 | D:1      | Reached XP level 3. HP: 20/25 MP: 7/9
  1291 | D:1      | You fall into a shaft and drop 1 floor!
  1341 | D:2      | Reached skill level 1 in Invocations
  1652 | D:2      | Reached skill level 1 in Fighting
  1652 | D:2      | Reached skill level 1 in Short Blades
  1652 | D:2      | Reached skill level 1 in Long Blades
  1652 | D:2      | Reached skill level 1 in Axes
  1652 | D:2      | Reached skill level 1 in Maces & Flails
  1652 | D:2      | Reached skill level 1 in Polearms
  1652 | D:2      | Reached skill level 1 in Staves
  1652 | D:2      | Reached skill level 1 in Ranged Weapons
  1652 | D:2      | Reached skill level 1 in Throwing
  1652 | D:2      | Reached skill level 1 in Armour
  1652 | D:2      | Reached skill level 1 in Shields
  1652 | D:2      | Reached skill level 1 in Unarmed Combat
  1652 | D:2      | Reached skill level 1 in Evocations
  1827 | D:2      | HP: 1/26 [frozen (5)]
  1829 | D:1      | Slain by an endoplasm

Illustrated notes

Levels and vault maps discovered:
D:1:      minmay_arrival_up_and_down, layout_loops_corners, serial_shops,
          nicolae_shop_bloodbath_and_beyond, hellmonk_ecumenical_altar_zigzags
D:2:      layout_loops_ring, serial_shops, nicolae_shop_stone

Skill      XL: |  1  2  3 |
---------------+----------+-----
Spellcasting   | 5 |  5.0
Invocations    | 1 |  1.0
Fighting       | 1 |  1.0
Short Blades   | 1 |  1.0
Long Blades    | 1 |  1.0
Axes           | 1 |  1.0
Maces & Flails | 1 |  1.0
Polearms       | 1 |  1.0
Staves         | 1 |  1.0
Ranged Weapons | 1 |  1.0
Throwing       | 1 |  1.0
Armour         | 1 |  1.0
Shields        | 1 |  1.0
Unarmed Combat | 1 |  1.0
Evocations     | 1 |  1.0
Dodging        | |  4.6
Stealth        | |  4.2
Conjurations   | |  0.7
Hexes          | |  0.7
Summonings     | |  7.1
Necromancy     | |  0.7
Translocations | |  0.7
Transmutations | |  0.7
Fire Magic     | |  0.7
Ice Magic      | |  0.7
Air Magic      | |  0.7
Earth Magic    | |  0.7
Poison Magic   | |  0.7

Action                   || total
-------------------------++-------
 Fire: Sling             ||   133
 Cast: Summon Small Mamm ||     6
  Use: Potion            ||     1
Armor: Leather armour    ||    41
Dodge: Dodged            ||   100
